 Dungeon Sprint DCSS version 0.18-a0-1372-gd644665 (webtiles) character file.

0 namelastname112 the Skirmisher (level 1, -2/27 HPs)
             Began as a Demonspawn Fighter on Feb 21, 2016.
             Slain by an iguana (7 damage)
             ... in the Dungeon (Sprint VI: "Thunderdome").
             The game lasted 00:00:47 (59 turns).

namelastname112 the Skirmisher (Demonspawn Fighter)   Turns: 59, Time: 00:00:49

Health: -2/27      AC:  6    Str: 21    XL:     1   Next: 16%
Magic:  1/1        EV:  7    Int:  9    God:
Gold:   200        SH:  0    Dex: 12    Spells: 0 memorised, 0 levels left

rFire  . . .     SeeInvis .     a - +0 war axe
rCold  . . .     Gourm    .     b - +0 scale mail
rNeg   . . .     Faith    .     c - +0 shield
rPois  .         Spirit   .     (no helmet)
rElec  .         Dismiss  .     (no cloak)
rCorr  .         Reflect  .     (no gloves)
SustAt .         Harm     .     (no boots)
MR     .....     NoTele   +     (no amulet)
Stlth  ..........               (no ring)
                                (no ring)

@: confused, berserking, very quick, not resistant to hostile enchantments,
extremely unstealthy
A: no striking features
a: no special abilities


You were in the Dungeon.
You were not hungry.

You visited 1 branch You collected 200 gold pieces.

Inventory:

Hand Weapons
 a - a +0 war axe (weapon)
Armour
 b - a +0 scale mail (worn)
 c - a +0 shield (worn)
Wands
 m - a wand of acid (5/15)
 n - a wand of iceblast (5/15)
Scrolls
 k - 4 scrolls of blinking
 o - 3 scrolls of fog
Potions
 d - a potion of might
 g - 3 potions of heal wounds
 h - 4 potions of haste
 i - 2 potions of magic
 l - a potion of resistance
Comestibles
 f - a bread ration


   Skills:
 + Level 3.1 Fighting
 + Level 1.9 Axes
 + Level 2.8 Armour
 + Level 0.6 Dodging
 + Level 2.8 Shields


You couldn't memorise any spells.
You didn't know any spells.

Dungeon Overview and Level Annotations

Branches:
Dungeon (1/1)

Altars:
Cheibriados
Dithmenos
Fedhas
Gozag
Kikubaaqudgha
Makhleb
Okawaru
Pakellas
Qazlal
Ru
Sif Muna
Trog
Vehumet
Xom
Yredelemnul
Zin
The Shining One
Jiyva
Lugonu

Shops:
D *[%??*?*:[((!!!!

Annotations:
D Sigmund


Message History

A red film seems to cover your vision as you go berserk!
You feel yourself moving faster!
You feel mighty! The hound bites you but does no damage. The iguana bites you.
The goblin hits you but does no damage.
Sigmund points at you and mumbles some strange words.
You are confused.
You barely miss the iguana. You slash the goblin!
You kill the goblin!
You miss the hound. The hound bites you but does no damage.
The iguana bites you!
* * * LOW HITPOINT WARNING * * *
The hound bites you.
* * * LOW HITPOINT WARNING * * *
You hit the iguana.
The iguana is moderately wounded.
You closely miss the hound.
Sigmund points at you and mumbles some strange words.
You are more confused.
The hound barely misses you. The iguana bites you!
You die...

#∩........8.# #.8........∩
............###............
.........###...###.........
.........# #.<.# #.........
.........###...###.........
............###............
#∩........8.# #.8........∩#
##∩.__......###l†...._._∩#
######.8....@.@h.8.######
#⌠...........§#
###.........### #_......._#
#_......._# #_......._#
#∩.......∩# ##∩.....∩##
##.....##


You could see Sigmund, an iguana and a hound.

Vanquished Creatures
  A goblin (D)
1 creature vanquished.

Notes
Turn   | Place    | Note
--------------------------------------------------------------
     0 | D        | namelastname112 the Demonspawn Fighter began the quest for the Orb.
     0 | D        | Reached XP level 1. HP: 18/18 MP: 1/1
     3 | D        | Found an opulent altar of Gozag.
     4 | D        | Found an iron altar of Okawaru.
     5 | D        | Found a shimmering altar of Xom.
     5 | D        | Found a bloodstained altar of Trog.
     5 | D        | Round 1.
     6 | D        | Found Etzadoupn's Distillery.
     6 | D        | Found a snail-covered altar of Cheibriados.
     6 | D        | Found Rimytz's Do-It-Yourself Clinic.
     7 | D        | Noticed an iguana
     7 | D        | Found Rearoud's Distillery.
     7 | D        | Found Dimamnie's Bottled Wisdom.
     9 | D        | Found a basalt altar of Yredelemnul.
     9 | D        | Found a corrupted altar of Lugonu.
     9 | D        | Found an ancient bone altar of Kikubaaqudgha.
     9 | D        | Found Wapt's Staff Store.
     9 | D        | Found Zomeept's Magic Scroll Shop.
    10 | D        | Found Pudi's Must-Have Magic.
    10 | D        | Found Atetooczi's Magic Scroll Shop.
    14 | D        | Found a burning altar of Makhleb.
    15 | D        | Found an oddly glowing altar of Pakellas.
    16 | D        | Found a viscous altar of Jiyva.
    17 | D        | Found Tiplomash's Bee Food.
    17 | D        | Found a glowing golden altar of the Shining One.
    17 | D        | Found a deep blue altar of Sif Muna.
    17 | D        | Found Muiteisu's Identification Station.
    18 | D        | Found Nitamup's Jewellery.
    18 | D        | Found Mecu's Advanced Armour.
    21 | D        | Found a radiant altar of Vehumet.
    22 | D        | Found a stormy altar of Qazlal.
    23 | D        | Found a shadowy altar of Dithmenos.
    26 | D        | Found Motrusat's Premium Goods.
    26 | D        | Found Baurat's Miscellaneous Merchandise.
    27 | D        | Found Kuxaez's Basic Armour.
    28 | D        | Found a blossoming altar of Fedhas.
    28 | D        | Found a glowing silver altar of Zin.
    28 | D        | Found a sacrificial altar of Ru.
    28 | D        | Found Nainixi's Weapon Rack.
    35 | D        | Noticed Sigmund
    53 | D        | Noticed a hound
    59 | D        | Slain by an iguana

Vault maps used:
D:        arena_sprint

Action                   || total
-------------------------++-------
Melee: War axe           ||     2
  Use: Potion            ||     3
